 Dungeon Crawl Stone Soup version 0.30-a0-1018-g25214051b3 (webtiles) character file.

Game seed: 3867247938120146202

925 DeathPants the Trooper (level 7, -1/56 HPs)
             Began as a Demonspawn Gladiator on Apr 7, 2023.
             Slain by an acid dragon (2 damage)
             ... on level 5 of the Dungeon.
             The game lasted 00:15:34 (3931 turns).

DeathPants the Trooper (Demonspawn Gladiator)       Turns: 3931, Time: 00:15:35

Health: -1/56      AC: -2    Str: 14    XL:     7   Next: 84%
Magic:  13/13      EV: 19    Int: 11    God:
Gold:   210        SH:  8    Dex: 25    Spells: 12/14 levels left

rFire   x . .      SeeInvis .    C - +8 flail of the Radish {speed, rF- Dex+4 Stlth+}
rCold   . . .      Faith    .    (no shield)
rNeg    . . .      Spirit   .    b - +1 leather armour
rPois   .          Reflect  .    (helmet restricted)
rElec   .          Rampage  .    (no cloak)
rCorr   .                        (no gloves)
Will    .....                    g - +0 pair of boots
Stlth   +++                      (no amulet)
HPRegen 0.29/turn                B - +5 ring of evasion
MPRegen 0.13/turn                z - +6 ring of dexterity

@: corroded
A: horns 2, large bone plates 3, spiny 1
a: no special abilities


You were on level 5 of the Dungeon.
You visited 1 branch of the dungeon, and saw 6 of its levels.

You collected 210 gold pieces.

Inventory:

Hand Weapons
 a - a +0 flail
 l - a +1 short sword of protection
 p - a +3 falchion of electrocution
 C - the +8 flail of the Radish (weapon) {speed, rF- Dex+4 Stlth+}
   (You found it on level 5 of the Dungeon)

   Dex:       It affects your dexterity (+4).
   rF:        It makes you vulnerable to fire.
   Stlth:     It makes you more stealthy.
Missiles
 c - 4 atropa-tipped darts
 d - 3 throwing nets (quivered)
 e - a javelin
 h - 11 boomerangs
 v - 3 silver boomerangs
Armour
 b - a +1 leather armour (worn)
 g - a +0 pair of boots (worn)
Jewellery
 j - a ring of resist corrosion
 x - the ring of Beogh's Hatred {rPois rCorr Str+6 Slay-4}
   (You took it off an orc on level 5 of the Dungeon)

   [ring of strength]

   Str:       It affects your strength (+6).
   Slay:      It affects your accuracy & damage with ranged weapons and melee
   (-4).
   rPois:     It protects you from poison.
   rCorr:     It protects you from acid and corrosion.
 z - a +6 ring of dexterity (right hand)
 B - a +5 ring of evasion (left hand)
Wands
 q - a wand of polymorph (7)
Scrolls
 n - a scroll of poison
 y - a scroll of immolation {unknown}
 D - a scroll of enchant weapon {unknown}
Potions
 f - 4 potions of mutation
 i - 2 potions of flight
 k - 2 potions of brilliance
 m - a potion of might
 o - 6 potions of curing
 r - a potion of cancellation
 s - 3 potions of lignification
 t - a potion of ambrosia
 u - 3 potions of haste
 w - a potion of heal wounds {unknown}
 A - a potion of magic {unknown}


   Skills:
 + Level 5.3 Fighting
 - Level 2.6 Maces & Flails
 - Level 1.7 Throwing
 - Level 1.5 Armour
 - Level 3.2 Dodging
 + Level 4.3 Spellcasting
 + Level 4.0 Transmutations


You had 12 spell levels left.
You knew the following spells:

 Your Spells              Type           Power      Damage    Failure   Level
a - Wereblood             Tmut           11%        N/A       9%          2

Your spell library contained the following spells:

 Spells                   Type           Power      Damage    Failure   Level
 Freeze                   Ice            8%         1d3       28%         1
 Sublimation of Blood     Necr           2%         N/A       38%         2
 Frozen Ramparts          Ice            4%         1d1       63%         3
 Hailstorm                Conj/Ice       2%         3d3       63%         3
 Summon Hydra             Summ           1%         N/A       100%        7


Dungeon Overview and Level Annotations

Branches:
Dungeon (6/15)
 Temple: D:4-7

Altars:
Cheibriados
Dithmenos
Gozag
Okawaru
Trog
Vehumet

Shops:
D:5 [


Innate Abilities, Weirdness & Mutations

You have a pair of horns on your head.
You are completely covered in large bone plates. (SH +8)
You are partially covered in sharp spines.


Message History

There is a fountain of clear blue water here.
As you open the door, it creaks loudly!
You open the door.
There is an open door here.
An acid dragon comes into view.
The helpless acid dragon fails to defend itself.
You hit the acid dragon.
The acid dragon is lightly wounded.
The acid dragon is struck by your spines.
The acid dragon bites you. You block the acid dragon's attack.
You sock the acid dragon! Your headbutt misses the acid dragon.
The acid dragon is heavily wounded.
The acid dragon spits acid at you. The splash of acid hits you!!
Ouch! That really hurt!
The acid corrodes you!
You closely miss the acid dragon.
The acid dragon is heavily wounded.
The acid dragon spits acid at you. The splash of acid misses you.
You hit the acid dragon but do no damage.
The acid dragon is heavily wounded.
You block the acid dragon's attack. The acid dragon misses you.
You barely miss the acid dragon. Your headbutt misses the acid dragon.
The acid dragon is heavily wounded.
The acid dragon spits acid at you. The splash of acid hits you!!
* * * LOW HITPOINT WARNING * * *
The acid corrodes you!
You hit the acid dragon.
You headbutt the acid dragon, but do no damage.
The acid dragon is severely wounded.
The acid dragon barely misses you. x2
You hit the acid dragon.
The acid dragon is almost dead.
You barely miss the acid dragon.
You headbutt the acid dragon, but do no damage.
The acid dragon is almost dead.
The acid dragon barely misses you. The acid dragon claws you.
You die...

###.......# ##.####.#
#......# #.######
########
#######.#######
#......#
....#.........#
#.####.#
###.#.#.#####.# ####
#.####.#
......#.#####.###...#
##.#.....
##..............@D#
#.......#
..........###.###...#
#..#.#..#
###...........# #.##
#.......#
.....##.####### ..#
#.#....## #######.#
.# #.#....# # #.# .#
#.##.#.# ##'## #
#.##.#.# ##...##
####### #......#
##.....## #..[.[#
####.####


You could see an acid dragon (catching breath).

Vanquished Creatures
  The ghost of MrSquiggles the Caller, an amateur OpWn (D:3)
  A centaur (D:5)
  3 scorpions
  3 orc priests
  A jelly (D:6)
  An iguana (D:5)
  Natasha (thrice) (D:2)
  4 orc wizards
  10 adders
  2 ufetubi
  3 worms
  3 dart slugs
  27 orcs
  7 ball pythons
  6 endoplasms
  5 giant cockroaches
  7 goblins
  6 hobgoblins
  8 kobolds
  4 quokkas
  2 bats
  3 frilled lizards
  6 rats
116 creatures vanquished.

Notes
Turn   | Place    | Note
-------+----------+-------------------------------------------
     0 | D:1      | DeathPants the Demonspawn Gladiator began the quest for the
                  | Orb.
     0 | D:1      | Reached XP level 1. HP: 16/16 MP: 1/1
   163 | D:1      | Gained mutation: You are partially covered in large bone
                  | plates. (SH +4) [demonic ancestry]
   163 | D:1      | Reached XP level 2. HP: 22/22 MP: 2/2
   613 | D:2      | Noticed Natasha
   621 | D:2      | Killed Natasha
   622 | D:2      | Reached skill level 1 in Armour
   622 | D:2      | Reached skill level 1 in Spellcasting
   622 | D:2      | Gained mutation: You are mostly covered in large bone
                  | plates. (SH +6) [demonic ancestry]
   622 | D:2      | Reached XP level 3. HP: 27/28 MP: 4/4
   782 | D:3      | Found a bloodstained altar of Trog.
   863 | D:3      | Gained mutation: You are partially covered in sharp spines.
                  | [demonic ancestry]
   863 | D:3      | Reached XP level 4. HP: 23/34 MP: 6/6
   931 | D:2      | Found a faded altar of an unknown god.
   941 | D:2      | Learned a level 2 spell: Wereblood
   977 | D:2      | Reached skill level 3 in Fighting
  1083 | D:2      | Found a snail-covered altar of Cheibriados.
  1203 | D:2      | Noticed Natasha
  1211 | D:2      | Killed Natasha
  1212 | D:2      | Reached skill level 1 in Transmutations
  1212 | D:2      | Gained mutation: You have a pair of small horns on your
                  | head. [demonic ancestry]
  1212 | D:2      | Reached XP level 5. HP: 41/41 MP: 6/8
  1251 | D:2      | Noticed Natasha
  1255 | D:2      | Killed Natasha
  1711 | D:3      | Found a shadowy altar of Dithmenos.
  1735 | D:3      | Found a runed translucent door.
  1735 | D:3      | Noticed MrSquiggles's ghost (amateur OpWn)
  1745 | D:3      | Found an iron altar of Okawaru.
  1761 | D:3      | Gained mutation: You have a pair of horns on your head.
                  | [demonic ancestry]
  1761 | D:3      | Reached XP level 6. HP: 44/48 MP: 10/10
  2027 | D:3      | Found an opulent altar of Gozag.
  2250 | D:3      | Killed MrSquiggles's ghost
  2251 | D:3      | Reached skill level 4 in Fighting
  2360 | D:5      | Entered Level 5 of the Dungeon
  2451 | D:4      | Gained mutation: You are completely covered in large bone
                  | plates. (SH +8) [demonic ancestry]
  2451 | D:4      | Reached XP level 7. HP: 45/55 MP: 10/12
  3107 | D:5      | Identified the ring of Beogh's Hatred {rPois rCorr Str+6
                  | Slay-4}
  3238 | D:5      | Reached skill level 5 in Fighting
  3512 | D:5      | Identified the +8 flail of the Radish {speed, rF- Dex+4
                  | Stlth+}
  3582 | D:5      | Found a radiant altar of Vehumet.
  3891 | D:5      | Found Qisempos's Antique Armour Shoppe.
  3928 | D:5      | HP: 1/56 [acid dragon/splash of acid (20)]
  3931 | D:5      | Slain by an acid dragon

Illustrated notes

Levels and vault maps discovered:
D:1:      minmay_arrival_four_loops, layout_basic
D:2:      layout_basic, basic_altar, basic_ecumenical_altar,
          minmay_misc_feat_secret_circle, serial_park_tiny_1, st_stairs_1,
          minmay_three_crescents, uniq_natasha
D:3:      layout_loops_ring, mainiacjoe_overflow_tiny_flanked,
          general_overflow_altar, nicolae_dithmenos_through_a_glass_darkly,
          mainiacjoe_overflow_six_doors_small, hellmonk_ghost_happy_afterlife
D:4:      layout_basic, chequers_serial_rivers_small_b
D:5:      minmay_chambers_of_fours, layout_loops_corners, lemuel_tele_altar,
          serial_shops, shop_fountains, nicolae_nh_ransacked_shop
D:6:      layout_loops_cross, grunt_temple_overflow_growth_and_decay

Skill      XL: |  1  2  3  4  5  6  7 |
---------------+----------------------+-----
Armour         | 1 |  1.5
Dodging        | 3 |  3.2
Spellcasting   | 1 2 3 4 |  4.3
Fighting       | 3 4 5 |  5.3
Transmutations | 1 2 4 |  4.0
Maces & Flails | |  2.6
Throwing       | |  1.7

Action                     |  1- 3 |  4- 6 |  7- 9 || total
---------------------------+-------+-------+-------++-------
  Melee: Flail             |    84 |     3 |    26 ||   113
         Falchion          |       |    93 |    37 ||   130
         Headbutt          |       |    11 |    10 ||    21
         Punch             |       |       |     2 ||     2
    Use: Scroll            |       |    13 |     3 ||    16
         Potion            |       |     1 |       ||     1
   Stab: Sleeping          |       |       |     1 ||     1
 Armour: Leather armour    |    37 |    15 |    13 ||    65
  Dodge: Dodged            |    63 |    54 |    35 ||   152
  Block: Other             |    20 |    15 |    33 ||    68

Table legend: (Time is in decaauts)
 A = Elapsed time spent in this place.
 B = Non-inter-level travel time spent in this place.
 C = Inter-level travel time spent in this place.
 D = Time resting spent in this place.
 E = Time spent auto-exploring this place.
 F = Levels seen in this place.
 G = Mean time per level.
                   A        B        C        D        E       F      G
               +--------+--------+--------+--------+--------+-----+--------+
         Total |   4000 |   3979 |     21 |     55 |   2836 |   6 |  666.7 |
       Dungeon |   4000 |   3979 |     21 |     55 |   2836 |   6 |  666.7 |
               +--------+--------+--------+--------+--------+-----+--------+

Top non-repeatable levels by time:
     D:3: 1037 daAuts
     D:4: 849 daAuts
     D:5: 788 daAuts
     D:2: 686 daAuts
     D:1: 574 daAuts
     D:6: 63 daAuts
